[Event "Titled Tuesday Blitz July 4 Early 2023"]
[White "Chigaev, Maksim"]
[Black "Sarana, Alexey"]
[WhiteFideId "4108116"]
[BlackFideId "24133795"]
[WhiteElo "2942"]
[BlackElo "3053"]
[Result "0-1"]
[Round "6"]
[TimeControl "180+2"]
[Date "2023.07.04"]
[WhiteClock "0:00:00"]
[BlackClock "0:00:04"]
[Board "1"]

1. e4 c5 2. Nf3 d6 3. d4 cxd4 4. Nxd4 Nf6 5. Nc3 a6 6. Bc4 e6 7. Be3 b5 8. Bb3 Bb7 9. f3 Nc6 10. Qe2 Be7 11. O-O-O Qc7 12. g4 Nd7 13. h4 b4 14. Na4 Rc8 15. Kb1 Na5 16. g5 Nc5 17. h5 Naxb3 18. axb3 Nxa4 19. bxa4 d5 20. g6 hxg6 21. hxg6 Rxh1 22. Rxh1 dxe4 23. gxf7+ Kxf7 24. fxe4 Bxe4 25. Qh5+ Bg6 26. Qe2 Bf6 27. Qxa6 Qd7 28. Nb5 Rc6 29. Qa8 b3 30. Ka1 bxc2 31. Bc1 Rc4 32. Qa6 Rc6 33. Qa8 Be4 0-1


[Site "https://www.chess.com"]

[Event "Titled Tuesday Blitz July 4 Early 2023"]
[White "Mamedov, Rauf"]
[Black "Svane, Rasmus"]
[WhiteFideId "13401653"]
[BlackFideId "4657101"]
[WhiteElo "3044"]
[BlackElo "2927"]
[Result "1-0"]
[Round "6"]
[TimeControl "180+2"]
[Date "2023.07.04"]
[WhiteClock "0:00:06"]
[BlackClock "0:00:04"]
[Board "2"]

1. e4 c6 2. Nf3 d5 3. e5 c5 4. c4 dxc4 5. Na3 Nc6 6. Nxc4 Bf5 7. Ne3 Bd7 8. Bd3 g6 9. Qb3 Rb8 10. Qc3 Bg7 11. O-O Nh6 12. Qxc5 Rc8 13. Qa3 O-O 14. Be4 Nxe5 15. Bxb7 Rb8 16. Be4 Bc6 17. Bxc6 Nxc6 18. d3 Qb6 19. Nc4 Qb4 20. Qa6 Rfc8 21. Bf4 Qb5 22. Qxb5 Rxb5 23. Rac1 Nb4 24. Nd6 Rxc1 25. Rxc1 Rb8 26. Nxf7 Nxd3 27. Nxh6+ Bxh6 28. Bxb8 Nxc1 29. a4 a6 30. b4 Kf7 31. Nd4 Ke8 32. Kf1 Kd7 33. b5 axb5 34. Nxb5 Nd3 35. Ba7 Bf4 36. g3 Be5 37. Be3 Kc6 38. Na3 Nb2 39. a5 Kb7 40. Ke2 Bc7 41. Bd2 Ka6 42. Bg5 e6 43. Nc2 Kxa5 44. Nd4 e5 45. Ne6 Bd6 46. Bh6 Be7 47. Bf8 Bf6 48. Bc5 g5 49. Kf3 h5 50. Ke4 Kb5 51. Be3 Nc4 52. Bxg5 Bh8 53. Kf5 Nd6+ 54. Kg6 Ne4 55. Be3 h4 56. gxh4 Kc4 57. Ng5 Nd6 58. Nf7 Nxf7 59. Kxf7 e4 60. h5 Kd3 61. h6 Bc3 62. h7 Ke2 63. Kg8 Kf3 1-0


[Site "https://www.chess.com"]

[Event "Titled Tuesday Blitz July 4 Early 2023"]
[White "Martinez Alcantara, Jose Eduardo"]
[Black "Durarbayli, Vasif"]
[WhiteFideId "3805662"]
[BlackFideId "13402935"]
[WhiteElo "3036"]
[BlackElo "2923"]
[Result "1-0"]
[Round "6"]
[TimeControl "180+2"]
[Date "2023.07.04"]
[WhiteClock "0:00:47"]
[BlackClock "0:00:03"]
[Board "3"]

1. e4 c5 2. Nf3 d6 3. c3 Nf6 4. h3 Nc6 5. Bd3 g6 6. Bc2 e5 7. O-O Bg7 8. d4 cxd4 9. cxd4 exd4 10. Nxd4 O-O 11. Nxc6 bxc6 12. Nc3 Re8 13. Re1 Rb8 14. Rb1 Nh5 15. Be3 a5 16. Ba4 Rxb2 17. Rxb2 Bxc3 18. Rd2 Bxd2 19. Qxd2 Rxe4 20. Bxc6 Re5 21. Rd1 Re6 22. Bd5 Re5 23. Bf3 Be6 24. a4 d5 25. Rb1 Rf5 26. Bg4 Re5 27. Bd4 Re4 28. Bxh5 gxh5 29. Qg5+ Qxg5 30. Rb8+ Bc8 31. Rxc8+ Re8 32. Rxe8# 1-0


[Site "https://www.chess.com"]

[Event "Titled Tuesday Blitz July 4 Early 2023"]
[White "Rahman, Masruri"]
[Black "Indjic, Aleksandar"]
[WhiteFideId "7101163"]
[BlackFideId "911925"]
[WhiteElo "2851"]
[BlackElo "2985"]
[Result "1-0"]
[Round "6"]
[TimeControl "180+2"]
[Date "2023.07.04"]
[WhiteClock "0:00:11"]
[BlackClock "0:01:36"]
[Board "4"]

1. d4 Nf6 2. Bf4 e6 3. e3 c5 4. Nd2 d5 5. Ngf3 Nc6 6. c3 Be7 7. Ne5 Nxe5 8. dxe5 Nd7 9. h4 b6 10. Qg4 g6 11. h5 g5 12. Bg3 h6 13. e4 Bb7 14. Rd1 a6 15. exd5 exd5 16. e6 Nf6 17. exf7+ Kxf7 18. Qf5 Rg8 19. Nc4 Rg7 20. Ne5+ Kg8 21. Qe6+ Kf8 22. Ng6+ Ke8 23. Bd3 Qd7 24. Qe5 Kd8 25. Bf5 Qb5 26. Qc7+ Ke8 27. Qxb7 Rd8 28. Bd3 c4 29. a4 Qxb2 30. Qc6+ Nd7 31. O-O cxd3 32. Rfe1 d2 33. Re2 Qb3 34. Rdxd2 Qc4 35. Qxc4 dxc4 36. Bd6 Nc5 37. Nxe7 Kf7 38. Bxc5 Rxd2 39. Rxd2 bxc5 40. Nf5 Rh7 41. Rd7+ 1-0


[Site "https://www.chess.com"]

[Event "Titled Tuesday Blitz July 4 Early 2023"]
[White "Dubov, Daniil"]
[Black "Demidov, Mikhail"]
[WhiteFideId "24126055"]
[BlackFideId "4197143"]
[WhiteElo "3088"]
[BlackElo "2894"]
[Result "1-0"]
[Round "6"]
[TimeControl "180+2"]
[Date "2023.07.04"]
[WhiteClock "0:00:05"]
[BlackClock "0:00:03"]
[Board "5"]

1. e4 g6 2. d4 Bg7 3. Nc3 a6 4. f4 b5 5. Nf3 Bb7 6. Bd3 d6 7. O-O Nd7 8. e5 e6 9. Ne4 Nb6 10. c3 Ne7 11. Qe1 Nbd5 12. Bd2 Nf5 13. a4 Bc6 14. axb5 axb5 15. Rxa8 Qxa8 16. g4 Nh6 17. h3 Qb8 18. Qh4 Ng8 19. f5 dxe5 20. fxe6 fxe6 21. Nxe5 Bxe5 22. dxe5 Qb6+ 23. Qf2 Nge7 24. Bh6 Qxf2+ 25. Rxf2 Kd8 26. Nc5 Bd7 27. Rf7 b4 28. c4 Ke8 29. Rf1 Nb6 30. b3 Bc8 31. Be4 Bd7 32. Bd2 Bc6 33. Bxb4 Bxe4 34. Nxe4 Nc6 35. Bc3 Rf8 36. Nf6+ Ke7 37. Nxh7 Rd8 38. Ng5 Rd3 39. Rf3 Rd1+ 40. Kg2 Nd7 41. Rf7+ Ke8 42. Rf1 Rd3 43. Rf3 Rd1 44. Nxe6 Ndxe5 45. Re3 Nd3 46. Nxc7+ Kf7 47. Nd5 Nc5 48. b4 Ne6 49. b5 Ncd4 50. Bxd4 Rxd4 51. Rc3 Nc5 52. Kf3 Rd2 53. Ke3 Rb2 54. Kd4 Ne6+ 55. Ke5 Nc5 56. Rf3+ Kg7 57. Kd6 Ne4+ 58. Kc6 Rc2 59. Ne3 Rc3 60. b6 Nd2 61. Nf5+ gxf5 62. Rxc3 Ne4 63. Rc2 1-0


[Site "https://www.chess.com"]

[Event "Titled Tuesday Blitz July 4 Early 2023"]
[White "Deac, Bogdan-Daniel"]
[Black "Gholami Orimi, Mahdi"]
[WhiteFideId "1226380"]
[BlackFideId "12558486"]
[WhiteElo "3016"]
[BlackElo "2870"]
[Result "0-1"]
[Round "6"]
[TimeControl "180+2"]
[Date "2023.07.04"]
[WhiteClock "0:00:00"]
[BlackClock "0:00:10"]
[Board "6"]

1. b3 e5 2. Bb2 d6 3. e3 Nf6 4. Ne2 Be7 5. f4 Nbd7 6. fxe5 dxe5 7. Ng3 O-O 8. Bc4 a6 9. a4 Rb8 10. a5 b5 11. axb6 cxb6 12. Bxa6 Bxa6 13. Rxa6 Ra8 14. Rxa8 Qxa8 15. O-O Qa2 16. Qc1 Rc8 17. Nc3 Qa6 18. Qa1 Qb7 19. Qa4 Bf8 20. Ra1 Nc5 21. Qb5 Rd8 22. d3 Ng4 23. Nd1 Qc7 24. Qc4 Qd7 25. h3 Nf6 26. Bxe5 Nd5 27. e4 Nb4 28. Kh2 Ne6 29. d4 Rc8 30. Qf1 Nxc2 31. Ra6 Ncxd4 32. Rxb6 Bc5 33. Ra6 Nxb3 34. Nc3 Nd2 35. Qe2 Qb7 36. Nd5 Nxe4 37. Rxe6 fxe6 38. Nxe4 exd5 39. Ng5 Qe7 40. Nf3 Bd6 0-1


[Site "https://www.chess.com"]

[Event "Titled Tuesday Blitz July 4 Early 2023"]
[White "Goltsev, Dmitry"]
[Black "Pranav, V"]
[WhiteFideId "24176710"]
[BlackFideId "25060783"]
[WhiteElo "2827"]
[BlackElo "3007"]
[Result "0-1"]
[Round "6"]
[TimeControl "180+2"]
[Date "2023.07.04"]
[WhiteClock "0:01:38"]
[BlackClock "0:01:09"]
[Board "7"]

1. e4 c5 2. Nf3 Nc6 3. d4 cxd4 4. Nxd4 Nf6 5. Nc3 e6 6. Be2 a6 7. O-O Qc7 8. Be3 Be7 9. Qd2 O-O 10. f3 b5 11. a3 Bb7 12. Nb3 Rad8 13. Rfd1 d5 14. exd5 Nxd5 15. Nxd5 Rxd5 16. Qe1 Bd6 17. g3 Ne7 18. c3 Nf5 19. Bf2 h5 20. Rxd5 Bxd5 21. Nd2 h4 22. Nf1 hxg3 23. hxg3 f6 24. g4 Ne7 25. Rd1 Kf7 26. Bg3 Rh8 27. Bxd6 Qxd6 28. Qg3 Qb6+ 29. Qf2 Qc7 30. Qg3 Qxg3+ 31. Nxg3 Ng6 32. Kf2 Nf4 33. Rh1 Rd8 34. Rd1 g5 35. c4 bxc4 36. Bxc4 Rb8 37. Bxa6 Rxb2+ 38. Ne2 Rb3 39. Nxf4 Rxf3+ 40. Ke2 Rxf4 41. Bb5 Bf3+ 0-1


[Site "https://www.chess.com"]

[Event "Titled Tuesday Blitz July 4 Early 2023"]
[White "Gavrilov, Maxim"]
[Black "Korobov, Anton"]
[WhiteFideId "24271454"]
[BlackFideId "14105730"]
[WhiteElo "2580"]
[BlackElo "2983"]
[Result "0-1"]
[Round "6"]
[TimeControl "180+2"]
[Date "2023.07.04"]
[WhiteClock "0:00:03"]
[BlackClock "0:01:22"]
[Board "8"]

1. d4 Nf6 2. c4 e6 3. Nc3 Bb4 4. Nf3 b6 5. e3 Bb7 6. Bd3 O-O 7. O-O d5 8. cxd5 exd5 9. Ne5 Bd6 10. f4 c5 11. Bd2 Nc6 12. Ne2 Ne4 13. Be1 cxd4 14. exd4 Ne7 15. Bh4 f6 16. Ng4 Nf5 17. Bf2 Re8 18. Ng3 Qd7 19. Nxf5 Qxf5 20. g3 Qg6 21. Kh1 Rac8 22. Qf3 Rc4 23. Rad1 h5 24. Ne3 Rxd4 25. Nf5 Rxd3 26. Qxd3 Qxf5 27. Bd4 Kf7 28. Kg1 h4 29. Qf3 hxg3 30. hxg3 Qh3 31. Rd3 Rh8 32. Qg2 Qxg2+ 33. Kxg2 Ba6 0-1


[Site "https://www.chess.com"]

[Event "Titled Tuesday Blitz July 4 Early 2023"]
[White "Tristan, Leonardo"]
[Black "Nakamura, Hikaru"]
[WhiteFideId "113816"]
[BlackFideId "2016192"]
[WhiteElo "2783"]
[BlackElo "3159"]
[Result "1-0"]
[Round "6"]
[TimeControl "180+2"]
[Date "2023.07.04"]
[WhiteClock "0:00:06"]
[BlackClock "0:00:08"]
[Board "9"]

1. d4 g6 2. e4 Bg7 3. Nc3 a6 4. f4 c6 5. Nf3 d5 6. e5 Bg4 7. h3 Bxf3 8. Qxf3 e6 9. g4 h5 10. Be3 Qh4+ 11. Bf2 hxg4 12. Bxh4 gxf3 13. Bg3 Ne7 14. Kf2 Nf5 15. Rd1 c5 16. dxc5 g5 17. fxg5 Nd7 18. Kxf3 Nxg3 19. Kxg3 Bxe5+ 20. Kg4 Bxc3 21. bxc3 Rc8 22. c4 dxc4 23. Bg2 Nxc5 24. h4 Ke7 25. a4 b6 26. Rb1 Nxa4 27. Bb7 Rcd8 28. Bxa6 Rd4+ 29. Kg3 f6 30. gxf6+ Kxf6 31. Rb4 Nc5 32. Rxb6 Rg8+ 33. Kf3 Kf5 34. Bb7 Rf4+ 35. Ke3 Rg3+ 36. Kd2 c3+ 37. Kc1 Ra4 38. Bc6 Ra2 39. Rb5 Kf6 40. Kb1 Ra3 41. Rxc5 Rg7 42. Rf1+ Ke7 43. Bb5 Kd6 44. Rc6+ Kd5 45. Rd1+ Ke5 46. Re1+ Kd5 47. Rd1+ Ke5 48. Rc5+ Kf6 49. Rf1+ Kg6 50. Rg5+ Kh6 51. Rxg7 Kxg7 52. Bd3 1-0


[Site "https://www.chess.com"]

[Event "Titled Tuesday Blitz July 4 Early 2023"]
[White "Nihal Sarin"]
[Black "Cabarkapa, Novak"]
[WhiteFideId "25092340"]
[BlackFideId "943746"]
[WhiteElo "3121"]
[BlackElo "2782"]
[Result "1-0"]
[Round "6"]
[TimeControl "180+2"]
[Date "2023.07.04"]
[WhiteClock "0:01:22"]
[BlackClock "0:00:13"]
[Board "10"]

1. e4 e6 2. d4 d5 3. Nd2 c5 4. Ngf3 cxd4 5. Nxd4 Nc6 6. Bb5 Bd7 7. Nxc6 Bxc6 8. Bxc6+ bxc6 9. O-O Bc5 10. Qg4 Nf6 11. Qxg7 Rg8 12. Qh6 dxe4 13. Nb3 Bxf2+ 14. Rxf2 Qd1+ 15. Rf1 Qg4 16. g3 Nh5 17. Bf4 Rg6 18. Qxh7 Nxf4 19. Qh8+ Ke7 20. Qxa8 Ne2+ 21. Kg2 f5 22. Qxa7+ Kf6 23. Qe3 f4 24. Qxe4 e5 25. Rae1 Rh6 26. Rxe2 Rxh2+ 27. Kxh2 Qxg3+ 28. Kh1 Qh3+ 29. Kg1 1-0


[Site "https://www.chess.com"]

[Event "Titled Tuesday Blitz July 4 Early 2023"]
[White "Fier, Alexandr"]
[Black "Lazavik, Denis"]
[WhiteFideId "2107139"]
[BlackFideId "13515110"]
[WhiteElo "2781"]
[BlackElo "3048"]
[Result "1/2-1/2"]
[Round "6"]
[TimeControl "180+2"]
[Date "2023.07.04"]
[WhiteClock "0:00:20"]
[BlackClock "0:00:08"]
[Board "11"]

1. d4 f5 2. Nc3 Nf6 3. Bg5 d5 4. f3 c5 5. e4 cxd4 6. Qxd4 Nc6 7. Bb5 dxe4 8. Bxc6+ bxc6 9. Qxd8+ Kxd8 10. O-O-O+ Kc7 11. fxe4 fxe4 12. Nge2 e5 13. Ng3 Be6 14. Ngxe4 Nd5 15. Rhe1 h6 16. Bh4 Nf4 17. Bg3 g5 18. h4 gxh4 19. Bxf4 exf4 20. Nf6 Bc8 21. Re4 Bc5 22. Kb1 f3 23. gxf3 Rf8 24. Ne8+ Kb8 25. Na4 Bb6 26. Nd6 Bf2 27. a3 Bg3 28. Nxc8 Kxc8 29. Re6 Kc7 30. Nc5 Rad8 31. Rxd8 Rxd8 32. Rxh6 Rd1+ 33. Ka2 Rh1 34. Rh7+ Kd8 35. f4 Ke8 36. f5 Rf1 37. Ne6 Rf3 38. c3 Bf2 39. Kb3 h3 40. Ng5 Rxf5 41. Nxh3 Bb6 42. Rh6 Kd7 43. Rg6 Be3 44. Rg3 Re5 45. Kc4 Kc7 46. Kd3 Bc1 47. Kc2 Be3 48. b4 Kb6 49. a4 a5 50. Kd3 Bh6 51. Nf2 Re8 52. Ne4 Bf8 53. Nf6 Rd8+ 54. Kc4 Be7 55. Ne4 Rh8 56. Rg4 Rh4 57. Rxh4 Bxh4 58. bxa5+ Kxa5 59. Kb3 Kb6 60. Nd2 Be7 61. Nc4+ Kc5 62. Ne3 Kb6 63. Nf5 Bc5 64. Kc4 Bf8 65. Nd4 Ka5 66. Kb3 Kb6 67. Ne6 Bd6 68. Ng5 Ka5 69. Ne4 Be7 70. Nd2 Kb6 71. Nc4+ Kc5 72. Na3 Kb6 73. Nc4+ 1/2-1/2


[Site "https://www.chess.com"]

[Event "Titled Tuesday Blitz July 4 Early 2023"]
[White "Gunina, Valentina"]
[Black "Tahbaz, Arash"]
[WhiteFideId "4167570"]
[BlackFideId "12528846"]
[WhiteElo "2753"]
[BlackElo "3034"]
[Result "1/2-1/2"]
[Round "6"]
[TimeControl "180+2"]
[Date "2023.07.04"]
[WhiteClock "0:00:09"]
[BlackClock "0:00:07"]
[Board "12"]

1. d4 Nf6 2. c4 e6 3. Nf3 d5 4. Nc3 a6 5. cxd5 exd5 6. Bg5 Be6 7. e3 Bd6 8. Bd3 Nbd7 9. O-O O-O 10. h3 c6 11. Qd2 Re8 12. Rfe1 Qc7 13. Rac1 Rad8 14. a3 Qb8 15. b4 h6 16. Bf4 Rc8 17. a4 Nb6 18. a5 Nbd7 19. Na4 Ne4 20. Qc2 Bxf4 21. exf4 Qxf4 22. Bxe4 dxe4 23. Rxe4 Qd6 24. Nc5 Nxc5 25. bxc5 Qc7 26. Qd2 Bd5 27. Rxe8+ Rxe8 28. Ne5 f6 29. Nd3 Qf7 30. Nf4 Re4 31. f3 Re7 32. Re1 Rd7 33. Qe3 g5 34. Nd3 Kg7 35. Nf2 Rd8 36. Nh1 Qd7 37. Ng3 Bf7 38. Kh1 Re8 39. Qf2 Rxe1+ 40. Qxe1 h5 41. Qe4 Bg6 42. Qe3 h4 43. Ne2 Kf7 44. Kg1 Qc7 45. Qd2 Qe7 46. Kf2 Bf5 47. d5 cxd5 48. Qxd5+ Be6 49. Qd4 Qc7 50. f4 Qxa5 51. fxg5 fxg5 52. Qe5 Qd8 53. Nd4 Qf6+ 54. Qxf6+ Kxf6 55. c6 bxc6 56. Nxc6 Bd5 57. Nb4 Bb7 58. g3 Ke5 59. gxh4 gxh4 60. Ke3 a5 61. Nd3+ Kf5 62. Nf2 a4 63. Kd2 Kf4 64. Nd3+ Kg3 65. Ne5 Kxh3 66. Ng6 Bd5 67. Nxh4 Kxh4 68. Kc2 a3 69. Kb1 Be4+ 70. Ka1 Bf5 71. Ka2 Be6+ 72. Kxa3 1/2-1/2


[Site "https://www.chess.com"]

[Event "Titled Tuesday Blitz July 4 Early 2023"]
[White "Atakhan, Abtin"]
[Black "Kamsky, Gata"]
[WhiteFideId "22502203"]
[BlackFideId "2000024"]
[WhiteElo "2749"]
[BlackElo "3002"]
[Result "1-0"]
[Round "6"]
[TimeControl "180+2"]
[Date "2023.07.04"]
[WhiteClock "0:00:38"]
[BlackClock "0:00:00"]
[Board "13"]

1. Nf3 Nf6 2. g3 g6 3. c4 Bg7 4. Bg2 c6 5. O-O O-O 6. Nc3 d5 7. cxd5 cxd5 8. d4 e6 9. Bf4 Nc6 10. Rc1 Bd7 11. Bd6 Re8 12. e3 Bf8 13. Bxf8 Rxf8 14. Qb3 Qb6 15. Qa3 Qb4 16. Qxb4 Nxb4 17. Ne5 Rfc8 18. a3 Nc6 19. Nd3 b6 20. Rfd1 Na5 21. Ne5 Be8 22. h4 Nd7 23. Nxd7 Bxd7 24. e4 dxe4 25. Nxe4 Kg7 26. Nd6 Rxc1 27. Rxc1 Rd8 28. Rc7 Be8 29. Nxe8+ Rxe8 30. d5 Kf6 31. dxe6 Kxe6 32. b4 Nb3 33. Rc3 1-0


[Site "https://www.chess.com"]

[Event "Titled Tuesday Blitz July 4 Early 2023"]
[White "Andreikin, Dmitry"]
[Black "Samunenkov, Ihor"]
[WhiteFideId "4158814"]
[BlackFideId "14187086"]
[WhiteElo "2991"]
[BlackElo "2738"]
[Result "0-1"]
[Round "6"]
[TimeControl "180+2"]
[Date "2023.07.04"]
[WhiteClock "0:00:06"]
[BlackClock "0:00:03"]
[Board "14"]

1. e4 c5 2. Nc3 Nc6 3. Bb5 Nd4 4. Nf3 e6 5. O-O a6 6. Bd3 Nc6 7. Be2 Nd4 8. Bd3 Nc6 9. Re1 d6 10. Bf1 Ne5 11. Be2 Ne7 12. d4 Nxf3+ 13. Bxf3 cxd4 14. Qxd4 Nc6 15. Qd2 Be7 16. b3 O-O 17. Bb2 Qc7 18. Rad1 b5 19. Ne2 Ne5 20. Ng3 Bb7 21. Be2 Rac8 22. f4 Nd7 23. Bd3 Nc5 24. f5 Nxd3 25. cxd3 Qc2 26. f6 Qxd2 27. Rxd2 gxf6 28. Rf1 d5 29. Bxf6 Bxf6 30. Rxf6 dxe4 31. dxe4 Rfd8 32. Rxd8+ Rxd8 33. h4 Rd4 34. Kh2 Rd2 35. Rf4 Rxa2 36. h5 h6 37. Rf3 Rc2 38. Rd3 b4 39. Kh3 Rc3 40. Rd8+ Kg7 41. Kg4 Rxb3 42. Rd6 a5 43. Rb6 Bc8 44. e5 Rc3 45. Ne4 Rc4 46. Kf3 Bd7 47. Nf6 Bc8 48. Rd6 Bb7+ 49. Ke3 Rc8 50. g4 Bd5 51. Kf4 b3 52. Rb6 a4 53. g5 a3 54. gxh6+ Kxh6 55. Nxd5 a2 56. Ra6 b2 57. Ne3 b1=Q 58. Ng4+ Kh7 59. Ra7 a1=Q 60. Rxf7+ Kg8 61. Nh6+ Kh8 62. Kg5 Qxe5+ 63. Rf5 Qexf5+ 64. Kh4 Qf4+ 65. Ng4 Qh1# 0-1


[Site "https://www.chess.com"]

[Event "Titled Tuesday Blitz July 4 Early 2023"]
[White "Postny, Evgeny"]
[Black "Terry, Renato"]
[WhiteFideId "2804344"]
[BlackFideId "3803457"]
[WhiteElo "2735"]
[BlackElo "2987"]
[Result "1/2-1/2"]
[Round "6"]
[TimeControl "180+2"]
[Date "2023.07.04"]
[WhiteClock "0:00:03"]
[BlackClock "0:00:02"]
[Board "15"]

1. e4 e6 2. d4 d5 3. Nd2 Be7 4. c3 c5 5. exd5 exd5 6. Ngf3 Nc6 7. Bd3 cxd4 8. cxd4 Nf6 9. O-O O-O 10. Re1 Bd6 11. h3 Qb6 12. Nb3 h6 13. Ne5 Be6 14. Be3 Rfd8 15. Qf3 Nd7 16. Nxd7 Rxd7 17. Rab1 Re7 18. Bf4 Nb4 19. Bxd6 Qxd6 20. a3 Nxd3 21. Qxd3 Rae8 22. Nc5 Bc8 23. Qd2 b6 24. Nd3 Bf5 25. Rxe7 Rxe7 26. Rc1 Kh7 27. Ne5 f6 28. Nf3 Be4 29. Nh2 Qd8 30. Nf1 Qe8 31. Re1 Qf7 32. f3 Bf5 33. Rxe7 Qxe7 34. Qe3 Be6 35. Qd3+ Kg8 36. Qd2 Qc7 37. Kf2 Kf7 38. Ne3 Qf4 39. Nf1 Qh4+ 40. Kg1 Ke8 41. Qc3 Kd7 42. Qd2 Qh5 43. Qe3 Qf5 44. Qd2 Qb1 45. Kf2 Qa2 46. Ne3 Qb3 47. Qc3 Qxc3 48. bxc3 Kc6 49. Nd1 Kb5 50. Nb2 Bf5 51. Ke2 Bc2 52. Kd2 Bb3 53. Ke3 Kc6 54. g4 g5 55. f4 Kb5 56. f5 Bc4 57. Kf2 Ba2 58. Kf3 Bb1 59. Kf2 Be4 60. Kg3 Kc6 61. Kf2 Kb5 62. Kg3 a5 63. Kf2 Kc6 64. Kg3 b5 65. Kf2 b4 66. cxb4 axb4 67. axb4 Kb5 68. Nd1 Kxb4 69. Ke3 Kc4 70. Nb2+ Kc3 71. Na4+ Kc2 72. Nc5 Bg2 73. Nd7 Bxh3 74. Nxf6 Kb3 75. Nxd5 Bxg4 76. f6 Bh5 77. Nc7 Kc4 78. Ke4 Bg6+ 79. Ke5 g4 80. d5 g3 81. d6 g2 82. d7 g1=Q 83. d8=Q Qe3+ 84. Kd6 Qc5+ 85. Ke6 Qf5+ 86. Ke7 Qe5+ 87. Ne6 h5 88. Qc8+ Kd3 89. f7 Bxf7 90. Kxf7 Qf5+ 91. Ke7 Qg4 92. Qd7+ Ke2 93. Qb5+ Kf2 94. Qc5+ Kg3 95. Qe5+ Kf2 96. Qb2+ Kf1 97. Qc1+ Kg2 98. Qd2+ Kg1 99. Qe1+ Kg2 100. Qe5 Qh4+ 101. Kf7 Qg4 102. Nf4+ Kf3 103. Nxh5 Qd7+ 104. Kg6 Qg4+ 105. Kh6 Qh4 106. Qc3+ Ke2 107. Qc2+ Ke1 108. Qc1+ Ke2 109. Qc2+ Ke1 110. Qf5 Kd2 111. Kg6 Qd4 112. Qg5+ Qe3 113. Nf4 Kc2 114. Qf5+ Kb2 115. Kf6 Qc3+ 116. Kg5 Qg7+ 117. Ng6 Qd4 118. Qf6 Qxf6+ 119. Kxf6 1/2-1/2


[Site "https://www.chess.com"]

[Event "Titled Tuesday Blitz July 4 Early 2023"]
[White "Paravyan, David"]
[Black "Wagner, Dennis"]
[WhiteFideId "4194985"]
[BlackFideId "24650684"]
[WhiteElo "2984"]
[BlackElo "2734"]
[Result "1-0"]
[Round "6"]
[TimeControl "180+2"]
[Date "2023.07.04"]
[WhiteClock "0:00:04"]
[BlackClock "0:00:00"]
[Board "16"]

1. d4 d5 2. c4 e6 3. Nf3 Nf6 4. g3 Be7 5. Bg2 O-O 6. O-O dxc4 7. Qc2 a6 8. a4 Bd7 9. Qxc4 Bc6 10. Bg5 Nbd7 11. Nc3 h6 12. Bxf6 Nxf6 13. Rfd1 a5 14. e3 Qb8 15. Rac1 Rd8 16. Qe2 Bxf3 17. Bxf3 c6 18. Kg2 g6 19. h4 h5 20. e4 Ra6 21. e5 Nd5 22. Bxd5 cxd5 23. Nb5 Rc6 24. Rc3 Qc8 25. Na7 Rxc3 26. Nxc8 Rcxc8 27. Qb5 Rc2 28. Rd3 Bb4 29. Qxb7 Rxb2 30. Rf3 Rf8 31. Kh3 Rd2 32. Qa7 Rd1 33. Kg2 Rd2 34. Rf4 Ra2 35. g4 Bd2 36. Rf6 hxg4 37. Kg3 Rxa4 38. Kxg4 Bc3 39. Rf4 Bd2 40. Rf3 Rc4 41. h5 Bc3 42. hxg6 Bxd4 43. gxf7+ Kg7 44. Qd7 Bxe5+ 45. Kh5 Bf6 46. Rg3+ Kh7 47. Rg4 Rxg4 48. Kxg4 Kg6 49. Qxe6 Rxf7 50. Qxd5 a4 51. Qe4+ Kg7 52. Qxa4 Be5 53. Qe4 Bf6 54. f4 Re7 55. Qd3 Rc7 56. Qf5 Re7 57. Kh5 Rc7 58. Qg6+ Kf8 59. Qxf6+ Rf7 60. Qd8+ Kg7 61. Kg5 Kh7 62. Qd3+ Kh8 63. f5 Rg7+ 64. Kf4 Kh7 65. Qh3+ Kg8 66. f6 Rg6 67. Qe6+ Kh7 68. Qe7+ Kh6 69. f7 Kh7 70. f8=Q+ 1-0


[Site "https://www.chess.com"]

[Event "Titled Tuesday Blitz July 4 Early 2023"]
[White "Oparin, Grigoriy"]
[Black "Kourkoulos-Arditis, Stamatis"]
[WhiteFideId "24125890"]
[BlackFideId "4221990"]
[WhiteElo "2974"]
[BlackElo "2730"]
[Result "1-0"]
[Round "6"]
[TimeControl "180+2"]
[Date "2023.07.04"]
[WhiteClock "0:00:22"]
[BlackClock "0:00:00"]
[Board "17"]

1. d4 c5 2. c4 cxd4 3. Nf3 e5 4. e3 dxe3 5. Bxe3 Nc6 6. Nc3 Nf6 7. Be2 Bb4 8. Rc1 d5 9. cxd5 Nxd5 10. Bg5 f6 11. Bd2 Nxc3 12. bxc3 Bc5 13. Qb3 Qe7 14. O-O Be6 15. Bc4 Bxc4 16. Qxc4 Bb6 17. Rfd1 Qf7 18. Qb5 O-O 19. c4 Nd4 20. Nxd4 Bxd4 21. Bc3 Bxc3 22. Rxc3 Rac8 23. h3 Rc7 24. a4 h6 25. a5 Rfc8 26. c5 Kh8 27. Rd6 Qa2 28. Rd1 Qe6 29. Rd6 Qxd6 30. cxd6 Rxc3 31. Qxb7 Rd8 32. Qe7 Rcc8 33. a6 Ra8 34. Kh2 Re8 35. Qb7 Reb8 36. Qf7 Rf8 37. Qd5 Rad8 38. Qe6 Rfe8 39. Qf7 Rf8 40. Qc7 Ra8 41. h4 Rfc8 42. Qf7 Rf8 43. Qd5 Rad8 44. Qe6 Rde8 45. Qd7 Rd8 46. Qc7 Ra8 47. h5 Rfc8 48. Qf7 Rd8 49. Qd5 Rab8 50. d7 Rb6 51. Qc5 Rbb8 52. Qxa7 Ra8 53. Qc7 Rg8 54. a7 Rgd8 55. Kh3 Rg8 56. Kg4 Rgd8 57. Kf5 Rg8 58. Kg6 Rgd8 59. g4 Rf8 60. Qd6 f5 61. g5 hxg5 62. Kxg5 f4 63. h6 gxh6+ 64. Kxh6 1-0


[Site "https://www.chess.com"]

[Event "Titled Tuesday Blitz July 4 Early 2023"]
[White "Bauman_Guy"]
[Black "Matlakov, Maxim"]
[BlackFideId "4168003"]
[WhiteElo "2728"]
[BlackElo "2932"]
[Result "0-1"]
[Round "6"]
[TimeControl "180+2"]
[Date "2023.07.04"]
[WhiteClock "0:00:08"]
[BlackClock "0:01:00"]
[Board "18"]

1. e4 e5 2. Nf3 Nf6 3. Nxe5 d6 4. Nf3 Nxe4 5. d4 d5 6. Bd3 Be7 7. O-O Bf5 8. Nbd2 O-O 9. Re1 Nd6 10. Nf1 c6 11. Bf4 Bxd3 12. Qxd3 Na6 13. c3 Nc7 14. Ng3 Ne6 15. Bd2 Re8 16. Ne5 Bf6 17. Re2 Bxe5 18. Rxe5 Nc4 19. Re2 Nxb2 20. Qb1 Nc4 21. Qxb7 Qb6 22. Rb1 Qxb7 23. Rxb7 Reb8 24. Rd7 Rb1+ 25. Be1 g6 26. h4 h5 27. Kh2 a5 28. Bd2 a4 29. Bg5 a3 30. Bf6 Rb2 31. Kg1 Rab8 32. Ra7 R2b7 33. Ra6 Rb1+ 34. Kh2 R1b6 35. Ra7 Rb2 36. Ra6 Nf4 37. Be5 Nxe2 38. Bxb8 Rxb8 39. Nxe2 Rb2 40. Nf4 Rxa2 41. Nd3 Rc2 42. Nb4 Rxc3 43. Nxc6 Kg7 44. Ra7 Rc2 45. f3 a2 46. Kg3 Nd2 47. Nd8 Nb3 48. Ne6+ Kf6 49. Ng5 Kg7 50. Ne6+ Kh6 51. Rxf7 a1=Q 52. Ng5 Qe1+ 53. Kh3 Qh1+ 54. Kg3 Rxg2+ 0-1


[Site "https://www.chess.com"]

[Event "Titled Tuesday Blitz July 4 Early 2023"]
[White "Panesar Vedant"]
[Black "Lenderman, Aleksandr"]
[WhiteFideId "35033018"]
[BlackFideId "2021285"]
[WhiteElo "2716"]
[BlackElo "2915"]
[Result "0-1"]
[Round "6"]
[TimeControl "180+2"]
[Date "2023.07.04"]
[WhiteClock "0:00:02"]
[BlackClock "0:00:56"]
[Board "19"]

1. e4 c6 2. Nf3 d5 3. d3 g6 4. e5 Bg7 5. d4 Bg4 6. Nbd2 e6 7. h3 Bxf3 8. Nxf3 c5 9. dxc5 Nd7 10. c3 Ne7 11. Bb5 O-O 12. Bxd7 Qxd7 13. O-O Nc6 14. Bf4 f6 15. exf6 Rxf6 16. Bg3 Rf5 17. Nd4 Rf7 18. Re1 e5 19. Nxc6 Qxc6 20. Bxe5 Qxc5 21. Bd4 Bxd4 22. cxd4 Qb6 23. Qd2 Raf8 24. Re2 Rf4 25. Rd1 Qf6 26. b3 g5 27. f3 h5 28. Rde1 g4 29. hxg4 hxg4 30. Re6 Qxd4+ 31. Qxd4 Rxd4 32. Rg6+ Kf7 33. Rxg4 Rxg4 34. fxg4 Rc8 35. Re2 Kf6 36. Kf2 Rc3 37. Ke1 Rg3 38. Rd2 Ke5 39. Re2+ Kd6 40. Kf2 Rxg4 41. Kf3 Rg7 42. g4 Rf7+ 43. Kg3 d4 44. g5 Kd5 45. Kg4 d3 46. Re8 Rd7 47. Re1 Kd4 48. Kf4 Rf7+ 49. Kg4 d2 50. Rh1 Kc3 51. g6 Rd7 0-1


[Site "https://www.chess.com"]

[Event "Titled Tuesday Blitz July 4 Early 2023"]
[White "Klekowski, Maciej"]
[Black "Vokhidov, Shamsiddin"]
[WhiteFideId "1132717"]
[BlackFideId "14204223"]
[WhiteElo "2714"]
[BlackElo "2915"]
[Result "0-1"]
[Round "6"]
[TimeControl "180+2"]
[Date "2023.07.04"]
[WhiteClock "0:00:10"]
[BlackClock "0:02:03"]
[Board "20"]

1. c4 e5 2. Nc3 Nf6 3. g3 Bb4 4. Bg2 O-O 5. e4 Bxc3 6. dxc3 d6 7. Qc2 a5 8. Nf3 Be6 9. Nd2 a4 10. O-O Qc8 11. Rb1 Bh3 12. b3 axb3 13. axb3 Nc6 14. Re1 Bxg2 15. Kxg2 b6 16. Nf1 Qe6 17. Ne3 Ne7 18. Nd5 Nfxd5 19. cxd5 Qg6 20. f3 Nxd5 21. Bd2 Ne7 22. Ra1 f5 23. exf5 Nxf5 24. Qe4 Rxa1 25. Rxa1 Qf7 26. Ra7 d5 27. Qxe5 Nh4+ 28. Kh3 Nxf3 29. Qxc7 Qh5+ 30. Kg2 Qxh2+ 31. Kf1 Nxd2+ 32. Ke1 Nf3+ 33. Kf1 Nd4+ 34. Ke1 Qe2# 0-1


[Site "https://www.chess.com"]